Map: 카이로스 정션 - 래더

Players

Zest

  • Race: Protoss Protoss
  • Spawn Location: 11:00

Patience - Winner!

  • Race: Protoss Protoss
  • Spawn Location: 5:00

Event: IEM Season 13: Katowice (2019)

VOD

Have the link to the VOD?

Description

Time

  • Played on: Feb. 28, 2019, 7:07 a.m.
  • Length: 6:13

All games in this series

Show
View Real Time Build Order
Export as new Build Order

Zest Protoss 

Build Orders: Oracle Opening 

Get SALT Encoding   

  12  0:00  Probe  
  13  0:12  Probe  
  14  0:17  Pylon  
  14  0:24  Probe  
  15  0:32  Probe  
  15  0:37  Gateway  
  15  0:40  Probe  
  16  0:46  Assimilator  
  17  0:51  Probe  
  17  0:54  Assimilator  
  18  0:59  Probe  
  19  1:07  Gateway  
  19  1:08  Probe  
  19  1:17  Probe  
  20  1:23  Cybernetics Core  
  21  1:29  Probe  
  22  1:34  Pylon  
  22  1:41  Probe  
  24  2:00  Stargate  
  23  2:01  Adept  
  23  2:02  Adept  
  23  2:06  Probe  
  28  2:09  Warp Gate  
  28  2:16  Pylon  
  28  2:51  Robotics Facility  
  28  2:59  Probe  
  28  3:04  Sentry, Gateway x2  
  31  3:22  Pylon  
  30  3:33  Immortal  
  30  3:38  Pylon  
  30  3:41  Shield Battery  
  34  3:49  Oracle  
  34  3:50  Shield Battery  
  34  4:02  Warp Prism  
  37  4:13  Shield Battery  
  39  4:31  Sentry x3  
  39  4:32  Zealot  
  39  4:35  Pylon  
  47  4:57  Pylon  
  47  4:58  Pylon  
  47  5:15  Observer, Stalker x3  
  47  5:17  Adept  
  56  5:41  Adept x3  
  50  5:59  Adept  
  50  6:02  Adept x3  
Show
View Real Time Build Order
Export as new Build Order

Patience Protoss - Winner!

Build Orders:  

Get SALT Encoding   

  12  0:00  Probe  
  13  0:12  Probe  
  14  0:17  Pylon  
  14  0:22  Probe  
  15  0:31  Probe  
  16  0:37  Gateway  
  16  0:39  Probe  
  16  0:46  Assimilator  
  17  0:51  Probe  
  17  0:54  Assimilator  
  18  0:59  Probe  
  19  1:07  Gateway, Probe  
  20  1:18  Probe  
  20  1:24  Cybernetics Core  
  21  1:30  Probe  
  22  1:35  Pylon  
  22  1:42  Probe  
  23  1:52  Warp Gate  
  23  1:57  Probe  
  23  2:00  Stalker  
  23  2:01  Stalker  
  28  2:08  Pylon  
  28  2:23  Probe  
  29  2:30  Adept x2  
  33  2:42  Pylon  
  33  2:44  Pylon  
  33  2:51  Stargate  
  33  2:55  Shield Battery  
  33  3:08  Robotics Facility  
  33  3:09  Sentry x2  
  37  3:16  Probe  
  38  3:28  Nexus  
  38  3:31  Probe  
  39  3:43  Probe  
  39  3:48  Adept x2  
  44  3:57  Pylon  
  44  4:09  Immortal  
  44  4:13  Shield Battery  
  48  4:31  Stalker  
  50  4:32  Sentry  
  52  4:39  Warp Prism  
  52  4:40  Pylon  
  54  4:55  Sentry x2  
  58  5:00  Shield Battery  
  58  5:09  Immortal  
  58  5:13  Shield Battery  
  62  5:23  Sentry  
  63  5:28  Adept  
  63  5:48  Adept x2  
  57  6:10  Adept x2  

Tags
 
Add a new tag
Caveats
  • Supply blocks, unpowered buildings, or Contaminate may cause inaccurate times.
  • Supply counts are checked every 10 seconds.